 Dungeon Sprint DCSS version 0.31.0-4-g52a2dc7128 (webtiles) character file.

Game seed: 16315238335688604163

1555 Groucho the Geomancer (level 8, -3/48 HPs)
             Began as a Deep Elf Earth Elementalist on Jan 22, 2024.
             Was a High Priest of Sif Muna.
             Slain by a black mamba (14 damage)
             ... in the Dungeon (Sprint VII: "The Pits").
             The game lasted 00:05:57 (3636 turns).

Groucho the Geomancer (Deep Elf Earth Elementalist) Turns: 3636, Time: 00:05:57

Health: -3/48      AC:  3    Str:  5    XL:     8   Next: 58%
Magic:  4/24       EV: 12    Int: 23    God:    Sif Muna [*****.]
Gold:   0          SH:  0    Dex: 15    Spells: 15/28 levels left

rFire   + . .        h - +2 dagger
rCold   . . .        (no shield)
rNeg    . . .        g - +1 robe {rF+}
rPois   .            (no helmet)
rElec   .            (no cloak)
rCorr   .            (no gloves)
SInv    .            (no boots)
Will    .....        (no amulet)
Stlth   ++           (no ring)
HPRegen 0.28/turn    (no ring)
MPRegen 0.19/turn

%: no teleportation
@: no status effects
A: no striking features
a: Renounce Religion, Channel Magic, Forget Spell, Divine Exegesis


You were in the Dungeon.
You worshipped Sif Muna.
Sif Muna was extremely pleased with you.
You visited 1 branch

Inventory:

Hand Weapons
 h - a +2 dagger (weapon)
 i - a +2 vampiric falchion
Missiles
 n - 10 stones
Armour
 g - a +1 robe of fire resistance (worn)
Scrolls
 k - 2 scrolls of vulnerability
 l - 5 scrolls of amnesia
 m - a scroll of butterflies
Potions
 b - 5 potions of magic
 c - 5 potions of curing
 d - 4 potions of heal wounds
 e - a potion of haste
 f - 3 potions of berserk rage
 j - 2 potions of invisibility


   Skills:
 + Level 3.8 Fighting
 + Level 4.6 Short Blades
 - Level 2.4 Dodging
 - Level 2.4 Stealth
 + Level 10.9 Spellcasting
 + Level 8.9 Conjurations
 + Level 4.9 Fire Magic
 + Level 11.8 Earth Magic
 + Level 2.6 Alchemy
 + Level 8.6 Invocations


You had 15 spell levels left.
You knew the following spells:

 Your Spells              Type           Power      Damage    Failure   Level
a - Sandblast             Erth           100%       2d20      1%          1
b - Stone Arrow           Conj/Erth      100%       3d13      1%          3
c - Petrify               Alch/Erth      45%        N/A       2%          4
d - Fireball              Conj/Fire      22%        3d10      9%          5

Your spell library contained the following spells:

 Spells                   Type           Power      Damage    Failure   Level
 Kiss of Death            Conj/Necr      100%       2d13      1%          1
 Passwall                 Erth           61%        N/A       1%          3
 Brom's Barrelling Bould  Conj/Erth      57%        2d7       1%          4
 Apportation              Tloc           24%        N/A       5%          1
 Volatile Blastmotes      Fire/Tloc      46%        2d13      5%          3
 Iskenderun's Mystic Bla  Conj/Tloc      33%        2d8       9%          4
 Confusing Touch          Hex            12%        N/A       16%         3
 Dimensional Bullseye     Hex/Tloc       6%         N/A       45%         4
 Dispel Undead            Necr           12%        3d9       45%         4
 Vhi's Electric Charge    Tloc/Air       24%        N/A       45%         4
 Disjunction              Tloc           6%         N/A       100%        8


Dungeon Overview and Level Annotations

Branches:
Dungeon (1/1)

Altars:
Ashenzari
Cheibriados
Dithmenos
Elyvilon
Fedhas
Gozag
Hepliaklqana
Kikubaaqudgha
Makhleb
Nemelex Xobeh
Okawaru
Qazlal
Ru
Sif Muna
Trog
Uskayaw
Vehumet
Wu Jian
Xom
Yredelemnul
Zin
The Shining One
Jiyva
Lugonu


Message History

Aim: a black mamba (wandering, hasn't noticed you, 63% to hit)
The stone arrow hits the black mamba!!
The black mamba is heavily wounded.
The black mamba hisses angrily.
The black mamba barely misses you.
Unknown command.
Casting: Stone Arrow (safe; 1% risk of failure)
Confirm with . or Enter, or press ? or * to list all spells.
Aiming: Stone Arrow (safe; 1% risk of failure)
Press: ? - help, Shift-Dir - straight line, f/p - black mamba
Aim: a black mamba (heavily wounded, 63% to hit)
The stone arrow misses the black mamba.
The black mamba barely misses you. The black mamba bites you!
Unknown command.
Casting: Stone Arrow (safe; 1% risk of failure)
Confirm with . or Enter, or press ? or * to list all spells.
Aiming: Stone Arrow (safe; 1% risk of failure)
Press: ? - help, Shift-Dir - straight line, f/p - black mamba
Aim: a black mamba (heavily wounded, 63% to hit)
The stone arrow misses the black mamba.
The black mamba bites you!
* * * LOW HITPOINT WARNING * * *
Unknown command.
Unknown command.
You feel much better. The black mamba barely misses you.
The black mamba bites you!
You are lethally poisoned!
The black mamba poisons you!
Casting: Stone Arrow (safe; 1% risk of failure)
Confirm with . or Enter, or press ? or * to list all spells.
Aiming: Stone Arrow (safe; 1% risk of failure)
Press: ? - help, Shift-Dir - straight line, f/p - black mamba
Aim: a black mamba (heavily wounded, 63% to hit)
The stone arrow hits the black mamba!
The black mamba is almost dead.
You feel very sick. The black mamba bites you. The black mamba bites you!
* * * LOW HITPOINT WARNING * * *
Unknown command.
You feel better. The black mamba bites you!
You die...

#.#.....#[[##.......#
#.#.....#'###...<...#
#)#.....รท..##.......#
#)#.....)..##.......#
#'###########.......#
#))..)..#.. #########
#..#.#..#.# ####
#.##.##.#)#....#
#....@S.#[#..H.#
#.##.##.#.'....+
#..#.#..#'#
#.......'.#
###########


You could see a black mamba.

Vanquished Creatures
  A boulder beetle (D)
  A manticore (D)
  A black bear (D)
  A phantom (D)
  Blork the orc (D)
  A scorpion (D)
  A quasit (D)
  2 gnoll boudas (D)
  Terence (D)
  An orc wizard (D)
  A mummy (D)
  9 gnolls (D)
  An adder (D)
  3 river rats (D)
  4 orcs (D)
  A giant cockroach (D)
  2 kobolds (D)
  2 ball pythons (D)
  A jackal zombie (D)
35 creatures vanquished.

Notes
Turn   | Place    | Note
-------+----------+-------------------------------------------
     0 | D        | Groucho the Deep Elf Earth Elementalist began the quest for
                  | the Orb.
     0 | D        | Reached XP level 1. HP: 10/10 MP: 6/6
    42 | D        | Found a bloodstained altar of Trog.
    42 | D        | Found a shimmering blue altar of Sif Muna.
    42 | D        | Found a viscous altar of Jiyva.
    42 | D        | Found a hazy altar of Hepliaklqana.
    42 | D        | Found an opulent altar of Gozag.
    43 | D        | Found a glowing golden altar of the Shining One.
    43 | D        | Found a glowing silver altar of Zin.
    43 | D        | Found a basalt altar of Yredelemnul.
    43 | D        | Found a shimmering altar of Xom.
    43 | D        | Found an ornate altar of the Wu Jian Council.
    43 | D        | Found a sacrificial altar of Ru.
    43 | D        | Found a stormy altar of Qazlal.
    43 | D        | Found an iron altar of Okawaru.
    43 | D        | Found a sparkling altar of Nemelex Xobeh.
    43 | D        | Found a burning altar of Makhleb.
    43 | D        | Found a blossoming altar of Fedhas.
    43 | D        | Found a white marble altar of Elyvilon.
    43 | D        | Found a shadowy altar of Dithmenos.
    43 | D        | Found a snail-covered altar of Cheibriados.
    44 | D        | Found a radiant altar of Vehumet.
    44 | D        | Found a corrupted altar of Lugonu.
    45 | D        | Found an ancient bone altar of Kikubaaqudgha.
    45 | D        | Found a hide-covered altar of Uskayaw.
    45 | D        | Found a broken altar of Ashenzari.
    46 | D        | Became a worshipper of Sif Muna the Loreminder
    63 | D        | Reached skill level 4 in Earth Magic
    63 | D        | Reached skill level 1 in Invocations
    63 | D        | Reached XP level 2. HP: 15/15 MP: 2/9
   491 | D        | Reached * piety under Sif Muna
   492 | D        | Reached skill level 5 in Earth Magic
   705 | D        | Reached XP level 3. HP: 19/19 MP: 9/11
   710 | D        | Learned a level 3 spell: Stone Arrow
   912 | D        | Reached ** piety under Sif Muna
   939 | D        | Reached *** piety under Sif Muna
   943 | D        | Reached skill level 5 in Spellcasting
   943 | D        | Reached skill level 6 in Earth Magic
  1251 | D        | Noticed a phantom
  1252 | D        | Noticed a scorpion
  1257 | D        | Reached XP level 4. HP: 24/24 MP: 9/13
  1257 | D        | Killed a scorpion
  1258 | D        | Reached skill level 7 in Earth Magic
  1258 | D        | Reached **** piety under Sif Muna
  1259 | D        | Reached XP level 5. HP: 23/28 MP: 5/16
  1261 | D        | Reached skill level 5 in Conjurations
  1262 | D        | Reached skill level 8 in Earth Magic
  1265 | D        | Reached ***** piety under Sif Muna
  1266 | D        | Reached skill level 5 in Invocations
  1270 | D        | Received a gift from Sif Muna
  1271 | D        | Reached skill level 9 in Earth Magic
  1276 | D        | Killed a phantom
  1277 | D        | Reached XP level 6. HP: 32/32 MP: 13/19
  1287 | D        | Reached skill level 10 in Earth Magic
  2192 | D        | Received a gift from Sif Muna
  2193 | D        | Got Sif Muna's Compilation of the Arsonist and Topology
                  | {god gift}
  2199 | D        | Learned a level 4 spell: Petrify
  2205 | D        | Learned a level 5 spell: Fireball
  2432 | D        | Noticed a boulder beetle
  2958 | D        | Killed a boulder beetle
  2959 | D        | Reached skill level 10 in Spellcasting
  2959 | D        | Reached skill level 11 in Earth Magic
  2959 | D        | Reached XP level 7. HP: 25/41 MP: 1/22
  2959 | D        | Reached XP level 8. HP: 28/46 MP: 1/24
  3306 | D        | Noticed Terence
  3306 | D        | Noticed Blork the orc
  3311 | D        | Killed Blork the orc
  3312 | D        | Killed Terence
  3313 | D        | Reached skill level 1 in Alchemy
  3588 | D        | Noticed a manticore
  3597 | D        | Noticed a black mamba
  3629 | D        | Killed a manticore
  3635 | D        | HP: 1/48 [black mamba (15)]
  3636 | D        | Slain by a black mamba

Illustrated notes

Levels and vault maps discovered:
D:        pitsprint [storerooms_1, entrance_room_1, metal_vault_1, armoury_2,
          mini_pit_1, grid_room_1, main_hall_1, silver_pit, the_coven_2,
          the_vestibule_1, steel_vault_1, golden_pit, hallway_of_sentries,
          crystal_vault_6, iron_vault_4, final_vault]

Skill      XL: |  1  2  3  4  5  6  7  8 |
---------------+-------------------------+-----
Spellcasting   | 4 5 6 8 10 | 10.9
Conjurations   | 2 3 4 6 8 |  8.9
Earth Magic    | 4 5 6 7 9 11 | 11.8
Invocations    | 1 2 3 4 6 8 |  8.6
Fighting       | 3 |  3.8
Short Blades   | 3 4 |  4.6
Fire Magic     | 3 4 |  4.9
Alchemy        | 2 |  2.6
Dodging        | |  2.4
Stealth        | |  2.4

Action                     |  1- 3 |  4- 6 |  7- 9 || total
---------------------------+-------+-------+-------++-------
  Melee: Dagger            |     7 |       |       ||     7
   Cast: Sandblast         |    26 |    11 |       ||    37
         Stone Arrow       |       |    17 |    14 ||    31
         Petrify           |       |     5 |       ||     5
 Invoke: Channel Magic     |       |     1 |       ||     1
    Use: Potion            |       |     1 |     2 ||     3
         Scroll            |       |     1 |       ||     1
 Armour: Robe              |     7 |     6 |    12 ||    25
  Dodge: Dodged            |    10 |     4 |     9 ||    23
